 Dungeon Crawl Stone Soup version 0.27.0-66-gdc8fb28755 (webtiles) character file.

Game seed: 4357863441821827740

237 cahman the Chucker (level 5, -1/73 HPs)
             Began as a Troll Hunter on Aug 21, 2021.
             Shot with an arrow by a centaur (6 damage)
             ... on level 4 of the Dungeon.
             The game lasted 00:42:48 (2558 turns).

cahman the Chucker (Troll Hunter)                   Turns: 2558, Time: 00:42:48

Health: -1/73      AC: 22    Str: 21    XL:     5   Next: 77%
Magic:  4/4        EV:  1    Int:  7    God:
Gold:   137        SH:  0    Dex: 16    Spells: 4/4 levels left

rFire    . . .     SeeInvis .   f - +0 hunting sling
rCold    . . .     Faith    .   (no shield)
rNeg     + + +     Spirit   .   (armour currently unavailable)
rPois    +         Reflect  .   (helmet currently unavailable)
rElec    .         Harm     .   (cloak currently unavailable)
rCorr    .         Rampage  .   (gloves unavailable)
Will     .....     NoTele   +   (boots unavailable)
Stlth    ++........             e - amulet of the acrobat
HPRegen  1.22/turn              y - +6 ring of dexterity
MPRegen  0.09/turn              (no ring)

@: tree-form
A: stationary, stasis, torment immunity, boosted hp, large, unfitting armour,
(claws 3), regeneration 1, (shaggy fur 1), (tough skin 1)
a: no special abilities


You were on level 4 of the Dungeon.
You were a tree.
You visited 1 branch of the dungeon, and saw 4 of its levels.

You collected 137 gold pieces.

Inventory:

Hand Weapons
 a - a +0 short sword
 f - a +0 hunting sling (weapon)
 k - a +0 shortbow
 n - a +0 hand axe
 z - a +2 whip of draining
Missiles
 g - 56 stones (quivered ammo)
 h - 22 poisoned darts
 r - 53 bolts
 A - 2 large rocks
 C - a javelin
Armour
 b - a +0 robe (melded)
 l - a +0 ring mail
 F - a +0 helmet
Jewellery
 d - an amulet of guardian spirit
 e - an amulet of the acrobat (around neck)
 j - an amulet of regeneration
 y - a +6 ring of dexterity (left branch)
Wands
 x - a wand of iceblast (10)
 E - a wand of mindburst (13)
Scrolls
 i - a scroll of identify
 p - 2 scrolls of teleportation
 s - a scroll of silence {unknown}
 t - 3 scrolls of noise {unknown}
 u - a scroll of enchant armour {unknown}
 w - a scroll of enchant weapon {unknown}
Potions
 c - a potion of flight {unknown}
 m - a potion of lignification
 o - a potion of mutation
 q - a potion of degeneration {unknown}
 v - a potion of might {unknown}
 B - a potion of brilliance {unknown}
 D - a potion of ambrosia {unknown}


   Skills:
 + Level 2.1 Fighting
 + Level 1.9 Short Blades
 + Level 1.7 Maces & Flails
 + Level 4.7 Throwing
 + Level 2.4 Dodging
 + Level 0.5 Stealth


You had 4 spell levels left.
You didn't know any spells.
Your spell library contained the following spells:

 Spells                   Type           Power      Damage    Failure   Level
 Corpse Rot               Necr/Air       N/A        N/A       56%         2
 Slow                     Hex            0%         N/A       56%         2
 Static Discharge         Conj/Air       0%         N/A       56%         2
 Confusing Touch          Hex            0%         N/A       80%         3
 Ozocubu's Armour         Ice            0%         N/A       80%         3
 Dispel Undead            Necr           0%         3d6       99%         4
 Lightning Bolt           Conj/Air       0%         1d11      100%        5
 Metabolic Englaciation   Hex/Ice        0%         N/A       100%        5
 Yara's Violent Unravell  Hex/Tmut       0%         3d3       100%        5
 Death Channel            Necr           0%         N/A       100%        6
 Simulacrum               Ice/Necr       0%         N/A       100%        6
 Maxwell's Capacitive Co  Air            0%         ∞         100%        8


Dungeon Overview and Level Annotations

Branches:
Dungeon (4/15)             Temple (0/1) D:4

Altars:


Innate Abilities, Weirdness & Mutations

You are a tree.
Your roots penetrate the ground, keeping you stationary.
You cannot be teleported.
You are immune to unholy pain and torment.
Your maximum health is greatly increased.
Your equipment is partially melded.
You are too large for most types of armour.
((You have claws for hands.))
Your natural rate of healing is unusually fast.
((You are covered in fur. (AC +1)))
((You have tough skin. (AC +1)))


Message History

The centaur shoots an arrow.
The arrow hits you but does no damage.
Fire: 61 stones
Press: ? - help, Q - select action, (/) - cycle Shift-Dir - straight line, f/p - centaur
Aim: a centaur, wielding a +0 shortbow and quivering arrows (lightly wounded, 72% to hit)
You shoot a stone.
The stone hits the centaur but does no damage.
The centaur is lightly wounded.
The centaur shoots an arrow.
The arrow hits you.
* * * LOW HITPOINT WARNING * * *
Fire: 60 stones
Press: ? - help, Q - select action, (/) - cycle Shift-Dir - straight line, f/p - centaur
Aim: a centaur, wielding a +0 shortbow and quivering arrows (lightly wounded, 72% to hit)
You shoot a stone. The stone hits the centaur.
The centaur is heavily wounded.
The centaur shoots an arrow.
The arrow hits you but does no damage.
The centaur shoots an arrow.
The arrow hits you!
* * * LOW HITPOINT WARNING * * *
Fire: 59 stones
Press: ? - help, Q - select action, (/) - cycle Shift-Dir - straight line, f/p - centaur
Aim: a centaur, wielding a +0 shortbow and quivering arrows (heavily wounded, 72% to hit)
You shoot a stone. The stone hits the centaur!
The centaur is severely wounded.
The centaur shoots an arrow.
The arrow hits you but does no damage.
Fire: 58 stones
Press: ? - help, Q - select action, (/) - cycle Shift-Dir - straight line, f/p - centaur
Aim: a centaur, wielding a +0 shortbow and quivering arrows (severely wounded, 72% to hit)
You shoot a stone.
The stone hits the centaur but does no damage.
The centaur is severely wounded.
The centaur shoots an arrow.
The arrow hits you but does no damage.
Fire: 57 stones
Press: ? - help, Q - select action, (/) - cycle Shift-Dir - straight line, f/p - centaur
Aim: a centaur, wielding a +0 shortbow and quivering arrows (severely wounded, 72% to hit)
You shoot a stone.
The stone hits the centaur but does no damage.
The centaur is severely wounded.
The centaur shoots an arrow.
The arrow hits you.
* * * LOW HITPOINT WARNING * * *
The centaur shoots an arrow.
The arrow hits you.
You die...

### #.# #.############
..# #............#
#.########.##########.#
.......♣.#.# #.#
#.######.#.# #.# # #.#
#c#.# #.##
.##.#.#.######(#.####
#...
......[...c.(..>...>#
####
........######.####.#
....#...#......####.##
### #...#............#
###### #
.....#......####..#
#.....


You could see a centaur.

Vanquished Creatures
  A bullfrog skeleton (D:4)
  Jessica (D:3)
  An orc wizard (D:3)
  3 gnolls (D:3)
  3 adders
  3 worms (D:2)
  A dart slug (D:4)
  8 orcs (D:3)
  2 ball pythons (D:2)
  2 bats
  4 endoplasms
  8 giant cockroaches
  11 goblins
  4 hobgoblins
  8 jackals
  3 kobolds (D:2)
  4 quokkas
  A frilled lizard (D:3)
  9 rats
77 creatures vanquished.

Notes
Turn   | Place    | Note
-------+----------+-------------------------------------------
     0 | D:1      | cahman the Troll Hunter began the quest for the Orb.
     0 | D:1      | Reached XP level 1. HP: 19/19 MP: 0/0
   441 | D:1      | Reached skill level 4 in Throwing
   441 | D:1      | Reached XP level 2. HP: 27/27 MP: 1/1
  1113 | D:2      | Reached XP level 3. HP: 21/35 MP: 2/2
  1424 | D:2      | Reached skill level 1 in Short Blades
  1735 | D:3      | Reached XP level 4. HP: 39/42 MP: 3/3
  1878 | D:3      | Noticed Jessica
  1882 | D:3      | Killed Jessica
  1883 | D:3      | Reached XP level 5. HP: 49/49 MP: 4/4
  1964 | D:3      | Reached skill level 1 in Maces & Flails
  2038 | D:4      | Found a staircase to the Ecumenical Temple.
  2537 | D:4      | Noticed a centaur
  2558 | D:4      | Shot with an arrow by a centaur

Illustrated notes

Levels and vault maps discovered:
D:1:      kilobyte_arrival_exit_the_forest, layout_loops_ring
D:2:      layout_rooms, dk_noncrumbling_3, minmay_pentomino_v4
D:3:      layout_rooms, kennysheep_jessica_study
D:4:      layout_basic, minmay_temple_entry_large_hall

Skill      XL: |  1  2  3  4  5 |
---------------+----------------+-----
Throwing       | 4 |  4.7
Dodging        | 2 |  2.4
Short Blades   | 1 |  1.9
Fighting       | 2 |  2.1
Maces & Flails | 1 |  1.7
Stealth        | |  0.5

Action                   |  1- 3 |  4- 6 || total
-------------------------+-------+-------++-------
Melee: Short sword       |    98 |       ||    98
       Whip              |    14 |    59 ||    73
 Fire: Hunting sling     |     6 |    17 ||    23
Throw: Large rock        |    12 |    11 ||    23
       Throwing net      |     5 |     2 ||     7
       Dart              |     6 |     8 ||    14
       Stone             |     2 |     5 ||     7
       Javelin           |     7 |     3 ||    10
  Use: Scroll            |     1 |     2 ||     3
       Potion            |       |     2 ||     2
Armor: Robe              |    40 |    13 ||    53
       Skin              |       |     8 ||     8
Dodge: Dodged            |    67 |    64 ||   131
